 Dungeon Crawl Stone Soup version 0.28-a0-794-gafe8c5f9e9 (webtiles) character file.

Game seed: 18190686697861055508

242 ragingrage the Poker (level 5, -3/41 HPs)
             Began as a Demonspawn Chaos Knight on Nov 5, 2021.
             Was a Plaything of Xom.
             Slain by a black bear (4 damage)
             ... on level 7 of the Dungeon.
             The game lasted 00:03:48 (3432 turns).

ragingrage the Poker (Demonspawn Chaos Knight)      Turns: 3432, Time: 00:03:49

Health: -3/41      AC:  6    Str: 13    XL:     5   Next: 82%
Magic:  5/5        EV: 11    Int: 16    God:    Xom [.*....]
Gold:   239        SH:  0    Dex: 12    Spells: 4/4 levels left

rFire   . . .      SeeInvis .   a - +0 spear (chaos)
rCold   . . .      Faith    .   (no shield)
rNeg    . . .      Spirit   .   b - +2 leather armour
rPois   .          Reflect  .   f - +0 helmet
rElec   .          Harm     .   (no cloak)
rCorr   .          Rampage  .   (no gloves)
Will    +....                   (no boots)
Stlth   +.........              (no amulet)
HPRegen 0.13/turn               m - ring of willpower
MPRegen 0.09/turn               (no ring)

@: very slightly contaminated, invisible (expiring)
A: big brain 1, demonic touch 2
a: Renounce Religion


You were on level 7 of the Dungeon.
You worshipped Xom.
You were a plaything of Xom.
You visited 1 branch of the dungeon, and saw 6 of its levels.

You collected 239 gold pieces.

Inventory:

Hand Weapons
 a - a +0 spear of chaos (weapon)
Missiles
 o - 5 javelins (quivered)
Armour
 b - a +2 leather armour (worn)
 f - a +0 helmet (worn)
Jewellery
 m - a ring of willpower (left hand)
Scrolls
 c - 5 scrolls of brand weapon {unknown}
 e - 2 scrolls of enchant weapon {unknown}
 g - a scroll of noise {unknown}
 n - a scroll of magic mapping {unknown}
 r - 4 scrolls of identify
Potions
 d - a potion of berserk rage
 h - a potion of ambrosia {unknown}
 i - a potion of lignification {unknown}
 j - 2 potions of curing {unknown}
 k - a potion of magic {unknown}
 l - a potion of flight {unknown}


   Skills:
 - Level 3.0 Fighting
 - Level 5.2 Polearms
 - Level 1.7 Armour
 - Level 0.8 Dodging
 + Level 2.6 Unarmed Combat


You had 4 spell levels left.
You didn't know any spells.
Your spell library contained the following spells:

 Spells                   Type           Power      Damage    Failure   Level
 Beastly Appendage        Tmut           0%         N/A       32%         1
 Slow                     Hex            0%         N/A       32%         1
 Summon Small Mammal      Summ           0%         N/A       32%         1
 Ensorcelled Hibernation  Hex/Ice        0%         N/A       43%         2
 Wereblood                Tmut           0%         N/A       43%         2
 Call Canine Familiar     Summ           0%         N/A       67%         3
 Confusing Touch          Hex            0%         N/A       67%         3
 Spider Form              Tmut/Pois      0%         N/A       67%         3
 Summon Guardian Golem    Hex/Summ       0%         N/A       67%         3
 Yara's Violent Unravell  Hex/Tmut       0%         3d3       100%        5


Dungeon Overview and Level Annotations

Branches:
Dungeon (7/15)
 Temple: D:4-7

Altars:
Hepliaklqana
Qazlal
Xom

Shops:
D:1 (


Innate Abilities, Weirdness & Mutations

You have an unusually large brain. (Int +2)
Your touch may inflict irresistible damage on your foes.


Message History

The iguana bites you.
You closely miss the iguana.
You touch the iguana.
The iguana is almost dead.
The black bear closely misses you. The black bear barely misses you.
The black bear closely misses you. The iguana closely misses you.
You catch the helpless iguana completely off-guard!
You hit the iguana but do no damage. Lightning courses through the iguana!!
You kill the iguana!
The black bear bites you.
The black bear claws you but does no damage. x2
Your life force feels restored.
You hit the black bear. You freeze the black bear.
Your punch misses the black bear.
The black bear is moderately wounded.
The black bear barely misses you.
The black bear claws you but does no damage.
The black bear closely misses you.
You closely miss the black bear.
The black bear is moderately wounded.
The black bear barely misses you. The black bear closely misses you. x2
You hit the black bear.
The black bear flickers and vanishes!
Deactivating autopickup; reactivate with Ctrl-A.
You barely miss something.
You touch something.
Something bites you but does no damage. Something claws you but does no damage.
Something claws you.
You hit something.
Xom thinks this is hilarious!
Nothing appears to happen.
You touch something.
Something bites you. Something claws you.
* * * LOW HITPOINT WARNING * * *
Something claws you but does no damage.
You hit something but do no damage. Something bites you.
* * * LOW HITPOINT WARNING * * *
Something claws you but does no damage. x2
There is a stone staircase leading up here.
You flicker for a moment.
Something bites you.
* * * LOW HITPOINT WARNING * * *
Something claws you.
You die...

................#
.............?. ##
#............#
..##............##
.................#
.................#
.................#
.................#
'###.......<....@#
..##.............#
..............>..#
.................#
.................#
..##.............#
..##.............#
.................#
.............


There were no monsters in sight!

Vanquished Creatures
  A hound (D:4)
  2 iguanas
  Robin (D:3)
  4 gnolls (D:2)
  4 adders
  An ufetubus (D:7)
  An adder skeleton (D:4)
  2 orcs (D:3)
  5 endoplasms
  A giant cockroach (D:1)
  14 goblins
  6 hobgoblins
  4 jackals (D:1)
  A quokka (D:2)
  8 ball pythons
  7 bats
  3 frilled lizards
  3 kobolds
  3 rats
71 creatures vanquished.

Notes
Turn   | Place    | Note
-------+----------+-------------------------------------------
     0 | D:1      | ragingrage the Demonspawn Chaos Knight began the quest for
                  | the Orb.
     0 | D:1      | Reached XP level 1. HP: 18/18 MP: 1/1
    45 | D:1      | XOM: silly message
    47 | D:1      | Reached skill level 3 in Polearms
   156 | D:1      | Found Axzolo's Antique Weapon Emporium.
   204 | D:1      | XOM: silly message
   207 | D:1      | Gained mutation: You have an unusually large brain. (Int
                  | +2) [demonic ancestry]
   207 | D:1      | Reached XP level 2. HP: 21/24 MP: 2/2
   262 | D:1      | XOM: scenery: create altars
   425 | D:1      | Found a faded altar of an unknown god.
   499 | D:1      | XOM: god gift: 5 javelins
   680 | D:2      | XOM: 6-stop teleportation journey
   714 | D:2      | XOM: 3-stop teleportation journey
   772 | D:2      | Gained mutation: Your touch may inflict minor irresistible
                  | damage on your foes. [demonic ancestry]
   772 | D:2      | Reached XP level 3. HP: 28/29 MP: 3/3
  1094 | D:2      | Reached skill level 4 in Polearms
  1280 | D:2      | XOM: god gift: 59 gold pieces
  1333 | D:2      | XOM: scenery: create altars
  1510 | D:2      | Reached XP level 4. HP: 10/35 MP: 4/4
  2319 | D:3      | Reached skill level 5 in Polearms
  2387 | D:3      | Noticed Robin
  2408 | D:3      | Killed Robin
  2409 | D:3      | Gained mutation: Your touch may inflict irresistible damage
                  | on your foes. [demonic ancestry]
  2409 | D:3      | Reached XP level 5. HP: 37/41 MP: 5/5
  2516 | D:3      | XOM: god gift: hand crossbow {god gift}
  2912 | D:4      | XOM: god gift: 19 arrows
  2968 | D:4      | Found a hazy altar of Hepliaklqana.
  2982 | D:4      | Reached skill level 1 in Unarmed Combat
  3125 | D:4      | XOM: scenery: summon butterflies
  3141 | D:4      | XOM: scenery: create altars
  3219 | D:4      | You fall into a shaft and drop 3 floors!
  3238 | D:7      | Found a stormy altar of Qazlal.
  3342 | D:7      | XOM: scenery: 1 doors open
  3410 | D:6      | Noticed a black bear
  3411 | D:6      | XOM: potion effect (invisibility)
  3432 | D:7      | HP: 1/41 [something (5)]
  3432 | D:7      | Slain by a black bear

Illustrated notes

Levels and vault maps discovered:
D:1:      pf_arrival_petrified_forest, layout_rooms, serial_shops,
          shop_fountains, hellmonk_ecumenical_altar_dog_temple,
          minmay_hedge_maze, minmay_misc_feat_roman,
          chequers_serial_rivers_micro_d
D:2:      layout_basic
D:3:      layout_basic, minmay_unequal, uniq_robin
D:4:      layout_basic, mainiacjoe_overflow_boulevard, grunt_decor_junction
D:6:      layout_cave_pools, nicolae_uskayaw_dance_hall,
          yredelemnul_forgotten_temple_becter
D:7:      layout_gridville, kennysheep_little_box,
          minmay_temple_entry_overgrown, columned_hall_lemuel

Skill      XL: |  1  2  3  4  5 |
---------------+----------------+-----
Polearms       | 3 4 5 |  5.2
Unarmed Combat | 2 |  2.6
Fighting       | |  3.0
Armour         | |  1.7
Dodging        | |  0.8

Action                   |  1- 3 |  4- 6 || total
-------------------------+-------+-------++-------
Melee: Spear             |   111 |    93 ||   204
       Touch             |     6 |    19 ||    25
Throw: Javelin           |     2 |    11 ||    13
  Use: Scroll            |       |     1 ||     1
 Stab: Sleeping          |       |     1 ||     1
       Invisible         |       |     2 ||     2
Armor: Leather armour    |    25 |    27 ||    52
Dodge: Dodged            |    52 |    35 ||    87

Table legend: (Time is in decaauts)
 A = Elapsed time spent in this place.
 B = Non-inter-level travel time spent in this place.
 C = Inter-level travel time spent in this place.
 D = Time resting spent in this place.
 E = Time spent auto-exploring this place.
 F = Levels seen in this place.
 G = Mean time per level.
                   A        B        C        D        E       F      G
               +--------+--------+--------+--------+--------+-----+--------+
         Total |   3411 |   3341 |     70 |    174 |   2657 |   6 |  568.5 |
       Dungeon |   3411 |   3341 |     70 |    174 |   2657 |   6 |  568.5 |
               +--------+--------+--------+--------+--------+-----+--------+

Top non-repeatable levels by time:
     D:2: 1241 daAuts
     D:3: 923 daAuts
     D:1: 590 daAuts
     D:4: 447 daAuts
     D:7: 201 daAuts
     D:6: 8 daAuts
